 Dungeon Crawl Stone Soup version 0.20-a0-795-ga03948b (webtiles) character file.

35 Goblin1989 the Chopper (level 3, -3/31 HPs)
             Began as a Hill Orc Monk on Mar 1, 2017.
             Was a Priest of Ru.
             Slain by an iguana (14 damage)
             ... on level 3 of the Dungeon.
             The game lasted 00:04:18 (439 turns).

Goblin1989 the Chopper (Hill Orc Monk)               Turns: 439, Time: 00:04:19

Health: -3/31      AC:  3    Str: 14    XL:     3   Next: 35%
Magic:  3/3        EV: 12    Int: 10    God:    Ru [***...]
Gold:   65         SH:  0    Dex: 13    Spells: 2/2 levels left

rFire    . . .     SeeInvis .   a - +0 hand axe
rCold    . . .     Gourm    .   b - +0 robe
rNeg     . . .     Faith    .   (no shield)
rPois    .         Spirit   .   d - +0 helmet
rElec    .         Reflect  .   (no cloak)
rCorr    .         Harm     .   (no gloves)
MR       .....                  (no boots)
Stlth    ++........             (no amulet)
Regen    0.1/turn               (no ring)
MPRegen  0.1/turn               (no ring)

@: lethally poisoned (-3 -> -6), drained
A: inability to use devices
a: Draw Out Power, Renounce Religion


You were on level 3 of the Dungeon.
You worshipped Ru.
Ru was most pleased with you.
You were not hungry.

You visited 1 branch of the dungeon, and saw 3 of its levels.

You collected 65 gold pieces.

Inventory:

Hand Weapons
 a - a +0 hand axe (weapon)
 h - a +0 short sword
Armour
 b - a +0 robe (worn)
 d - a +0 helmet (worn)
Jewellery
 m - an uncursed ring of flight {unknown}
Scrolls
 c - a scroll of noise {unknown}
 f - a scroll of teleportation {unknown}
 j - a scroll of blinking {unknown}
 k - a scroll of remove curse {unknown}
 l - a scroll of identify {unknown}
Potions
 g - a potion of might {unknown}
 i - a potion of haste {unknown}
Comestibles
 e - a bread ration {@e1}


   Skills:
 - Level 3.6(3.3) Fighting
 + Level 5.7(5.4) Axes
 - Level 2.4(2.1) Dodging
 - Level 1.5(1.3) Stealth


You had 2 spell levels left.
You didn't know any spells.

Dungeon Overview and Level Annotations

Branches:
Dungeon (3/15)

Altars:
Ru


Innate Abilities, Weirdness & Mutations

You cannot study or use magical devices.


Message History

You are restored by drawing out deep reserves of power within.
You feel drained.
You regained 21 hp, and now have 26/31 hp.
You now have 56 gold pieces (gained 10).
You feel less exhausted.
A giant cockroach comes into view.
The giant cockroach barely misses you.
You barely miss the giant cockroach. The giant cockroach barely misses you.
The giant cockroach closely misses you.
You completely miss the giant cockroach.
The giant cockroach misses you.
You hit the giant cockroach.
The giant cockroach is heavily wounded.
The giant cockroach closely misses you.
You closely miss the giant cockroach.
The giant cockroach is heavily wounded.
The giant cockroach bites you but does no damage. x2
You barely miss the giant cockroach.
The giant cockroach is heavily wounded.
The giant cockroach bites you.
You take 1 damage, and have 28/31 hp.
You barely miss the giant cockroach.
The giant cockroach is moderately wounded.
The giant cockroach bites you but does no damage.
You hit the giant cockroach but do no damage.
The giant cockroach is moderately wounded.
The giant cockroach bites you but does no damage.
You hit the giant cockroach but do no damage.
The giant cockroach is moderately wounded.
The giant cockroach barely misses you.
The giant cockroach bites you but does no damage.
You barely miss the giant cockroach.
The giant cockroach is moderately wounded.
The giant cockroach closely misses you.
You hit the giant cockroach.
You kill the giant cockroach!
You see here a giant cockroach corpse.
j - a scroll labeled OCEREO MOFROZ A quokka comes into view.
You see here a scroll labeled IRCHOU ODOLI.
k - a scroll labeled FIGI AMMORPH
There are no items here.
You see here a scroll labeled IRCHOU ODOLI.
l - a scroll labeled IRCHOU ODOLI You now have 65 gold pieces (gained 9).
Health restored: 31
m - a cabochon ring
There are no items here.
An iguana comes into view.
A rat comes into view.
The iguana hisses angrily.
An adder comes into view.
The adder hisses angrily.
The iguana hisses menacingly.
The adder bites you.
You take 1 damage, and have 30/31 hp.
You see here 18 gold pieces.
The adder misses you.
You slash the adder!
The adder is severely wounded.
The adder bites you.
You take 1 damage, and have 29/31 hp.
You hit the adder but do no damage.
The adder is severely wounded.
The adder bites you.
You take 1 damage, and have 28/31 hp.
You completely miss the adder.
The adder is severely wounded.
The adder bites you.
You are poisoned.
The adder poisons you!
You focus your will and blind the adder in retribution!
The adder bites you but does no damage.
You take 3 damage, and have 25/31 hp.
Okay, then.
You hit the adder.
The adder is almost dead.
You feel sick. The adder misses you.
You hit the adder.
You kill the adder!
Unknown command.
You hit the iguana but do no damage.
You feel sick. The iguana barely misses you.
You take 1 damage, and have 24/31 hp.
You hit the iguana but do no damage. The iguana barely misses you.
You hit the iguana but do no damage. The iguana bites you!
* * * LOW HITPOINT WARNING * * *
You focus your will and blind the iguana in retribution!
You take 12 damage, and have 12/31 hp.
O_OOPS!!
MASSIVE DAMAGE!!
You catch the helpless iguana completely off-guard!
You hit the iguana but do no damage.
You feel sick. The iguana barely misses you.
You take 1 damage, and have 11/31 hp.
You hit the iguana but do no damage.
You redirect the iguana's attack!
The iguana barely misses itself.
Unknown command.
You closely miss the iguana. The iguana closely misses you.
You barely miss the iguana. The iguana bites you!
You die...

████...█.....
..........█ █.
.████...███ . .█ █...█
.██ )████...██ ..█
....█.█..██ █.█
.██.█.█...████ █.█
.............█ █.█
████.█.......█ █@█
█†...████....███l█
...██████.....██.█
................$█
...█..████....█..███ █
.████.████.........█.███
.███..........█.........
.....██..██...██........
.█......................


You could see an iguana (blind).

Vanquished Creatures
  An adder (D:3)
  An orc (D:3)
  4 giant cockroaches
  5 goblins
  3 hobgoblins
  2 bats (D:2)
  A frilled lizard (D:1)
  3 kobolds (D:1)
  4 rats
24 creatures vanquished.

Notes
Turn   | Place    | Note
-------+----------+-------------------------------------------
     0 | D:1      | Goblin1989 the Hill Orc Monk began the quest for the Orb.
     0 | D:1      | Reached XP level 1. HP: 19/19 MP: 1/1
   103 | D:1      | Reached XP level 2. HP: 11/26 MP: 2/2
   177 | D:1      | Reached skill level 5 in Axes
   190 | D:2      | Found a sacrificial altar of Ru.
   210 | D:2      | Became a worshipper of Ru the Awakened
   216 | D:2      | Gained mutation: You cannot study or use magical devices. [Ru sacrifice]
   216 | D:2      | Reached * piety under Ru
   216 | D:2      | Reached ** piety under Ru
   216 | D:2      | Reached *** piety under Ru
   257 | D:3      | HP: 1/26 [hobgoblin (5)]
   354 | D:3      | Reached XP level 3. HP: 5/31 MP: 3/3
   439 | D:3      | Slain by an iguana

Vault maps used:
D:1:      dpeg_arrival_rhombus, minmay_tromino_v2
D:2:      nicolae_overflow_crystal_walls,
          nicolae_dithmenos_through_a_glass_darkly,
          chequers_ecumenical_altar_island
D:3:      uniq_iyjb

Skill      XL: |  1  2 |
---------------+-------+-----
Axes           | 5 |  5.7
Fighting       | |  3.6
Dodging        | |  2.4
Stealth        | |  1.5

Action                   || total
-------------------------++-------
Melee: Hand axe          ||    77
Invok: Sacrifice Artific ||     1
       Draw Out Power    ||     1
 Stab: Sleeping          ||     3
       Invisible         ||     2
Armor: Robe              ||    28
Dodge: Dodged            ||    77

Vault maps used:
D:1:      dpeg_arrival_rhombus, minmay_tromino_v2
D:2:      nicolae_overflow_crystal_walls,
          nicolae_dithmenos_through_a_glass_darkly,
          chequers_ecumenical_altar_island
D:3:      uniq_iyjb
